 Dungeon Crawl Stone Soup version 0.29.1-2-gbd0b4ee654 (webtiles) character file.

Game seed: 11188274096530339704

702 mortz the Digger (level 7, -4/38 HPs)
             Began as a Kobold Earth Elementalist on Nov 12, 2022.
             Was a Follower of Dithmenos.
             Slain by a lemure (5 damage)
             ... led by Pikel
             ... on level 5 of the Dungeon.
             The game lasted 00:25:07 (5652 turns).

mortz the Digger (Kobold Earth Elementalist)        Turns: 5652, Time: 00:25:08

Health: -4/38      AC:  6    Str: 11    XL:     7   Next: 98%
Magic:  7/13       EV: 15    Int: 24    God:    Dithmenos [*.....]
Gold:   211        SH:  0    Dex: 15    Spells: 9/15 levels left

rFire   . . .      SeeInvis .   b - +6 spear of Nurum {speed, +Blink rC+ rN+ Str+5}
rCold   + . .      Faith    .   (no shield)
rNeg    + . .      Spirit   .   c - +0 robe
rPois   .          Reflect  .   (no helmet)
rElec   .          Harm     .   (no cloak)
rCorr   .          Rampage  .   g - +2 pair of gloves
Will    .....                   t - +0 pair of boots
Stlth   ++++......              (no amulet)
HPRegen 0.12/turn               s - +6 ring of intelligence
MPRegen 0.13/turn               (no ring)

@: wreathed by umbra
A: small, no large weapons, nightstalker 3
a: Renounce Religion, Evoke Blink


You were on level 5 of the Dungeon.
You worshipped Dithmenos.
Dithmenos was aware of your devotion.
You visited 2 branches of the dungeon, and saw 6 of its levels.
You also visited: Sewer.

You collected 211 gold pieces.

Inventory:

Hand Weapons
 a - a +0 dagger
 b - the +6 spear of Nurum (weapon) {speed, +Blink rC+ rN+ Str+5}
   (You found it on level 2 of the Dungeon)

   Attacks with this weapon are significantly faster.
   Str:       It affects your strength (+5).
   rC:        It protects you from cold.
   rN:        It protects you from negative energy.
   +Blink:    It lets you blink.
 o - a +0 dagger
 q - a +0 war axe
Missiles
 j - 4 poisoned darts
 B - 4 boomerangs
Armour
 c - a +0 robe (worn)
 g - a +2 pair of gloves (worn)
 t - a +0 pair of boots (worn)
 u - a +0 leather armour
Jewellery
 s - a +6 ring of intelligence (left hand)
Wands
 i - a wand of flame (12)
Scrolls
 d - a scroll of summoning {unknown}
 e - 4 scrolls of identify
 f - 3 scrolls of enchant armour {unknown}
 k - 5 scrolls of fear {unknown}
 n - a scroll of brand weapon {unknown}
 p - a scroll of noise {unknown}
 r - a scroll of fog {unknown}
 w - a scroll of blinking {unknown}
 y - a scroll of enchant weapon {unknown}
 A - a scroll of immolation {unknown}
Potions
 h - 2 potions of heal wounds
 l - 2 potions of curing
 m - 3 potions of haste
 v - a potion of berserk rage
 x - a potion of might {unknown}
 z - a potion of mutation {unknown}


   Skills:
 + Level 1.0 Fighting
 + Level 0.3 Short Blades
 + Level 1.0 Polearms
 + Level 3.2 Dodging
 + Level 4.5 Stealth
 * Level 4.5 Spellcasting
 * Level 2.2 Conjurations
 * Level 3.0 Transmutations
 * Level 5.1 Earth Magic
 * Level 1.1 Evocations


You had 9 spell levels left.
You knew the following spells:

 Your Spells              Type           Power      Damage    Failure   Level
a - Sandblast             Erth           60%        2d14      1%          1
p - Passwall              Tmut/Erth      20%        N/A       2%          2
s - Stone Arrow           Conj/Erth      46%        3d9       6%          3

Your spell library contained the following spells:

 Spells                   Type           Power      Damage    Failure   Level
 Beastly Appendage        Tmut           40%        N/A       2%          1
 Wereblood                Tmut           20%        N/A       4%          2
 Spider Form              Tmut/Pois      12%        N/A       14%         3
 Petrify                  Tmut/Erth      25%        N/A       17%         4
 Ignite Poison            Fire/Tmut/Pois 10%        N/A       19%         3
 Mephitic Cloud           Conj/Pois/Air  9%         N/A       21%         3
 Freezing Cloud           Conj/Ice/Air   4%         6-21      88%         5


Dungeon Overview and Level Annotations

Branches:
Dungeon (5/15) Zot: 24826  Temple (1/1) D:4 Zot: 5922   Sewer (visited)

Altars:
Ashenzari
Dithmenos
Elyvilon
Hepliaklqana
Kikubaaqudgha
Makhleb
Nemelex Xobeh
Okawaru
Qazlal
Uskayaw
Vehumet
Wu Jian
Xom
Yredelemnul
Zin

Shops:
D:2 =

Annotations:
D:2 exclusion: downstairs
D:4 2 transporters
D:5 exclusion: water moccasin, Pikel, Sigmund


Innate Abilities, Weirdness & Mutations

You are small and have problems with some larger weapons.
You are completely attuned to the shadows.


Message History

Pikel is heavily wounded.
Pikel hits you with a +2 whip of flaming.
Pikel burns you. Pikel barely misses you.
The blast of sand hits Pikel.
Pikel is heavily wounded.
The lemure hits you.
Aiming: Sandblast (safe; 1% risk of failure)
Press: ? - help, Q - select action, (/) - cycle Shift-Dir - straight line, f/p - Pikel
Aim: Pikel, wielding a +2 whip of flaming and wearing a +0 robe (heavily wounded, 80% to hit)
The blast of sand hits Pikel but does no damage.
Pikel is heavily wounded.
The lemure misses you. Pikel closely misses you. The lemure misses you.
Pikel hits you with a +2 whip of flaming!
Pikel burns you.
Aiming: Sandblast (safe; 1% risk of failure)
Press: ? - help, Q - select action, (/) - cycle Shift-Dir - straight line, f/p - Pikel
Aim: Pikel, wielding a +2 whip of flaming and wearing a +0 robe (heavily wounded, 80% to hit)
The blast of sand misses Pikel.
The lemure shouts!
You hear a shout!
The lemure completely misses you. Pikel barely misses you.
Aiming: Sandblast (safe; 1% risk of failure)
Press: ? - help, Q - select action, (/) - cycle Shift-Dir - straight line, f/p - Pikel
Aim: Pikel, wielding a +2 whip of flaming and wearing a +0 robe (heavily wounded, 80% to hit)
The blast of sand hits Pikel but does no damage.
Pikel is heavily wounded.
The lemure hits you!
Pikel hits you with a +2 whip of flaming.
* * * LOW HITPOINT WARNING * * *
Pikel burns you.
* * * LOW HITPOINT WARNING * * *
The lemure misses you.
Pikel hits you with a +2 whip of flaming.
* * * LOW HITPOINT WARNING * * *
Pikel burns you.
* * * LOW HITPOINT WARNING * * *
The lemure attacks as you move away! The lemure misses you.
The lemure attacks as you move away! The lemure closely misses you.
The lemure hits you.
You die...

....###.....###.........
#............††.........
#...#.........÷.........
#....##.....###.........
######....##.....# #.........
#................# #######...
####.♣'♣♣♣'♣.K......# ####
#....♣.....♣.<5###############..
#.#..♣.≈≈≈.♣.55@...............#
#.##.♣.....♣5...#..............#
#.##(+.._..'.........##~~~~~##..
#.###♣.....♣###......##≈~≈~≈##.#
#..# ♣.≈≈≈.♣#####<...~≈.~...≈~.#
##.##♣.....♣.........~~.~...~~.#
#...♣'♣♣♣'♣#.###....~~.....~~..
###...# #....# #....~~.....~~~.
#.### ###### #....~~.....≈~.#


You could see Pikel and 4 lemures.

Vanquished Creatures
  Menkaure (D:5)
  An ice beast (D:3)
  A scorpion (D:5)
  2 howler monkeys
  An orc priest (D:5)
  2 orc wizards (D:3)
  8 gnolls
  5 adders
  A river rat (Sewer)
  An ufetubus (D:4)
  6 worms
  8 orcs
  6 bats
  9 endoplasms
  5 giant cockroaches
  7 hobgoblins
  14 jackals
  8 kobolds
  7 quokkas
  7 ball pythons
  3 frilled lizards
  8 goblins
  10 rats
121 creatures vanquished.

Notes
Turn   | Place    | Note
-------+----------+-------------------------------------------
     0 | D:1      | mortz the Kobold Earth Elementalist began the quest for the
                  | Orb.
     0 | D:1      | Reached XP level 1. HP: 10/10 MP: 3/3
   167 | D:1      | Reached XP level 2. HP: 15/15 MP: 3/5
   264 | D:1      | Reached XP level 3. HP: 17/19 MP: 3/6
   639 | D:1      | Learned a level 2 spell: Passwall
   643 | D:1      | Learned a level 3 spell: Stone Arrow
   924 | D:2      | Found Cyez's Jewellery Boutique.
  1259 | D:2      | Reached XP level 4. HP: 24/24 MP: 5/8
  1324 | D:2      | Identified the +6 spear of Nurum {speed, +Blink rC+ rN+
                  | Str+5}
  1411 | D:2      | Found an ornate altar of the Wu Jian Council.
  2235 | D:3      | Found a faded altar of an unknown god.
  2354 | D:3      | Reached XP level 5. HP: 23/28 MP: 6/9
  2364 | D:3      | Reached skill level 4 in Earth Magic
  2694 | D:3      | Noticed an ice beast
  2716 | D:3      | Killed an ice beast
  2717 | D:3      | Reached skill level 1 in Conjurations
  2717 | D:3      | Reached XP level 6. HP: 10/33 MP: 7/11
  3002 | D:3      | Reached skill level 1 in Fighting
  3508 | D:4      | Found a staircase to the Ecumenical Temple.
  3519 | D:4      | Reached XP level 7. HP: 38/38 MP: 9/12
  3520 | Temple   | Entered the Ecumenical Temple
  3588 | Temple   | Became a worshipper of Dithmenos the Shadowed
  3787 | D:4      | Found a radiant altar of Vehumet.
  3857 | D:4      | Found a transporter.
  3863 | D:4      | Found a transporter.
  3863 | D:4      | Noticed a water moccasin
  3878 | D:4      | Noticed a yak
  4039 | D:5      | Entered Level 5 of the Dungeon
  4043 | D:5      | Found a glowing drain.
  4080 | Sewer    | Entered a sewer
  4565 | D:5      | Noticed Pikel
  4609 | D:5      | Found a broken altar of Ashenzari.
  4680 | D:5      | Noticed Menkaure
  4955 | D:5      | Killed Menkaure
  4955 | D:5      | Reached * piety under Dithmenos
  4956 | D:5      | Reached skill level 1 in Polearms
  4956 | D:5      | Reached skill level 1 in Evocations
  5115 | D:5      | Found a hazy altar of Hepliaklqana.
  5151 | D:5      | Reached skill level 5 in Earth Magic
  5359 | D:5      | Noticed Sigmund
  5470 | D:5      | Noticed a water moccasin
  5521 | D:5      | Found a white marble altar of Elyvilon.
  5651 | D:5      | HP: 1/38 [Pikel/+2 whip of flaming (1)]
  5652 | D:5      | Slain by a lemure

Illustrated notes

Levels and vault maps discovered:
D:1:      dpeg_arrival_ratfight, layout_rooms, minmay_pentomino_p4
D:2:      layout_basic, serial_shops, nicolae_shop_hallway_stairs, basic_altar,
          feat_on_display
D:3:      layout_rooms, serial_aquarium, aquarium_bridge_long_separate
          [aquarium_subvault_wall, aquarium_subvault_balcony,
          aquarium_subvault_bridge, aquarium_subvault_bridge,
          aquarium_subvault_balcony, aquarium_subvault_balcony],
          aquarium_bridge_square [aquarium_subvault_bridge,
          aquarium_subvault_window, aquarium_subvault_bridge,
          aquarium_subvault_bridge], aquarium_window_fake, aquarium_window_1,
          aquarium_window_fake, aquarium_view_2c, aquarium_view_2g,
          ebering_ecumenical_altar_abandoned
D:4:      layout_basic, gammafunk_temple_overflow_arena,
          minmay_temple_entry_gardened_gates
D:5:      layout_rooms, overflow_temple_1_default, elyvilon_altar_4,
          mainiacjoe_overflow_six_doors_small, cheibrodos_sewer_entry_sluice,
          uniq_menkaure, uniq_pikel, uniq_sigmund
Temple:   nicolae_temple_ecumenical_triangle

Skill      XL: |  1  2  3  4  5  6  7 |
---------------+----------------------+-----
Stealth        | 3 4 |  4.5
Dodging        | 3 |  3.2
Spellcasting   | 3 4 |  4.5
Earth Magic    | 4 5 |  5.1
Conjurations   | 1 2 |  2.2
Transmutations | 2 3 |  3.0
Fighting       | 1 |  1.0
Polearms       | 1 |  1.0
Evocations     | 1 |  1.1
Short Blades   | |  0.3

Action                   |  1- 3 |  4- 6 |  7- 9 || total
-------------------------+-------+-------+-------++-------
Melee: Dagger            |    12 |     4 |       ||    16
       Spear             |       |    53 |    16 ||    69
 Cast: Sandblast         |    30 |    52 |    55 ||   137
  Use: Potion            |     1 |       |       ||     1
       Scroll            |     3 |     1 |     1 ||     5
 Stab: Sleeping          |    12 |    12 |     4 ||    28
Armor: Robe              |     2 |    14 |     4 ||    20
Dodge: Dodged            |    14 |    51 |    29 ||    94
